 Dungeon Crawl Stone Soup version 0.20-a0-1043-gbd57889 (webtiles) character file.

6963 Krakonus1 the Protected (level 11, -2/95 HPs)
             Began as a Hill Orc Fighter on Apr 24, 2017.
             Was a Priest of Beogh.
             Slain by Urug
             ... wielding a +5 war axe
              (21 damage)
             ... on level 10 of the Dungeon on Apr 25, 2017.
             The game lasted 00:38:05 (9771 turns).

Krakonus1 the Protected (Hill Orc Fighter)          Turns: 9771, Time: 00:38:06

Health: -2/95      AC: 17    Str: 23    XL:     11   Next: 7%
Magic:  16/16      EV:  6    Int:  8    God:    Beogh [***...]
Gold:   516        SH: 14    Dex: 10    Spells: 10/10 levels left

rFire    x . .     SeeInvis .   a - +0 war axe
rCold    + . .     Gourm    .   u - +2 shield
rNeg     + . .     Faith    .   l - +0 plate armour
rPois    .         Spirit   .   w - +0 helmet
rElec    .         Reflect  .   o - +0 cloak
rCorr    .         Harm     .   (no gloves)
MR       .....                  (no boots)
Stlth    ..........             (no amulet)
Regen    0.3/turn               r - ring of positive energy
MPRegen  0.2/turn               t - ring of ice

@: no status effects
A: no striking features
a: Smiting, Renounce Religion


You were on level 10 of the Dungeon.
You worshipped Beogh.
Beogh was most pleased with you.
You were not hungry.

You visited 1 branch of the dungeon, and saw 10 of its levels.
You also visited: Sewer.

You collected 516 gold pieces.

Inventory:

Hand Weapons
 a - a +0 war axe (weapon)
Armour
 l - a +0 plate armour (worn)
 o - a +0 cloak (worn)
 u - a +2 shield (worn)
 w - a +0 helmet (worn)
Jewellery
 r - a ring of positive energy (left hand)
 t - a ring of ice (right hand)
Wands
 c - a wand of acid (0/15)
 p - a wand of lightning (0/15)
 z - a wand of disintegration (14/24)
Scrolls
 d - a scroll of amnesia
 g - 5 scrolls of teleportation
 j - 3 scrolls of fog
 k - 2 scrolls of identify
 s - a scroll of blinking
 x - a scroll of enchant weapon {unknown}
 y - 3 scrolls of remove curse
 B - a scroll of enchant armour {unknown}
 C - a scroll of fear
Potions
 b - a potion of flight
 e - a potion of ambrosia
 h - 2 potions of curing
 m - a potion of might
Books
 q - a book of Cantrips

   Spells                             Type                      Level
   a - Confusing Touch                Hexes                        1
   b - Animate Skeleton               Necromancy                   1
   c - Summon Small Mammal            Summoning                    1
   d - Apportation                    Translocation                1
Comestibles
 f - 9 bread rations
 i - 2 meat rations
 n - 9 royal jellies
 v - 3 fruits
 A - 6 chunks of flesh


   Skills:
 + Level 8.4 Fighting
 + Level 9.0 Axes
 * Level 10.3 Armour
 * Level 10.2 Shields
 + Level 7.8 Invocations


You had 10 spell levels left.
You didn't know any spells.

Dungeon Overview and Level Annotations

Branches:
Dungeon (10/15)            Temple (0/1) D:7             Orc (0/2) D:10
   Lair: D:8-11

Altars:
Ashenzari
Dithmenos
Elyvilon
Hepliaklqana
Nemelex Xobeh
Okawaru
Qazlal
Trog
Uskayaw
Wu Jian
The Shining One
Beogh

Annotations:
D:3 exclusion: downstairs
D:4 exclusions: downstairs, upstairs and 10 more exclusions, Blork the orc
D:5 exclusion: upstairs
D:6 apoch's ghost, novice HOFi
D:10 9 exclusions, Urug


Message History

Urug is lightly wounded.
Urug hits you with an enchanted war axe.
Urug hits your orc with an enchanted war axe!
Your orc dies!
Your orc hits Urug but does no damage. You slash Urug!
Urug is moderately wounded.
Urug hits you with an enchanted war axe!!
* * * LOW HITPOINT WARNING * * *
Urug hits your orc with an enchanted war axe!
Your orc dies!
Your orc closely misses Urug.
You closely miss Urug.
Urug is moderately wounded.
Urug hits you with an enchanted war axe!
* * * LOW HITPOINT WARNING * * *
Your orc barely misses Urug.
Urug hits you with an enchanted war axe!!
You die...
Beogh appreciates Urug's killing of a heretic priest.

#.#...o#o##.##.#.
#.#....o#o#.#.#..
#.#...oo.#o#.#...
#.#....o..#.#....
#.#....)o..#.....
#.###......#.....
##(##.#.....#...8.
#o(###.....###8...
####@.##.#.....# ....
#..o..####.....# ....
..........##.....#.#....
####.####.'..........
... .##.....#.#.. ###
.###.....#... ##
#.....#... .....## 8.


You could see Urug and a friendly orc.

Vanquished Creatures
  A two-headed ogre (D:8)
  3 hippogriffs
  A spriggan (D:7)
  6 yaks (D:10)
  Grum (D:8)
  A wyvern (D:8)
  Edmund (D:5)
  A water moccasin (D:9)
  A hornet zombie (D:8)
  3 sky beasts
  2 orc warriors (D:7)
  3 phantoms
  3 black bears
  3 ice beasts
  3 wolves (D:8)
  2 eyes of draining (D:10)
  3 ogres
  2 centaurs
  A big kobold (Sewer)
  4 bullfrogs
  A gnoll sergeant (D:4)
  A wyvern skeleton (D:10)
  7 scorpions
  2 water moccasin skeletons
  5 wights (D:6)
  A howler monkey (D:8)
  2 hounds
  4 orc priests
  2 centaur skeletons (D:4)
  4 jellies
  2 bullfrog skeletons
  2 orc wizards (D:7)
  2 iguanas
  8 worker ants
  3 hound skeletons
  Robin (D:4)
  7 gnolls
  7 adders
  A shadow imp (D:7)
  A worm (D:3)
  2 dart slugs (D:2)
  6 leopard geckos
  15 orcs
  A ball python (D:1)
  11 giant cockroaches
  10 goblins
  14 hobgoblins
  13 jackals
  3 quokkas
  10 bats
  7 frilled lizards
  11 kobolds
  A leopard gecko zombie (D:7)
  12 rats
224 creatures vanquished.

Vanquished Creatures (collateral kills)
  An orc wizard (D:10)
  2 orcs (D:10)
3 creatures vanquished.

Vanquished Creatures (others)
  5 orcs (D:10)
  2 orc wizards (D:10)
  A jackal (D:4)
8 creatures vanquished.

Grand Total: 235 creatures vanquished

Notes
Turn   | Place    | Note
-------+----------+-------------------------------------------
     0 | D:1      | Krakonus1 the Hill Orc Fighter began the quest for the Orb.
     0 | D:1      | Reached XP level 1. HP: 19/19 MP: 1/1
    75 | D:1      | Reached XP level 2. HP: 23/26 MP: 2/2
   584 | D:1      | Reached XP level 3. HP: 33/33 MP: 3/3
  1179 | D:2      | Reached XP level 4. HP: 27/40 MP: 4/4
  1318 | D:2      | Found a sparkling altar of Nemelex Xobeh.
  2115 | D:3      | Found a shattered altar of Ashenzari.
  2640 | D:3      | Found a white marble altar of Elyvilon.
  2640 | D:3      | Found a stormy altar of Qazlal.
  2645 | D:3      | Found a bloodstained altar of Trog.
  2648 | D:3      | Found a faded altar of an unknown god.
  2650 | D:3      | Found a shadowy altar of Dithmenos.
  2838 | D:4      | Reached XP level 5. HP: 47/47 MP: 5/5
  2914 | D:4      | Found a glowing drain.
  2945 | Sewer    | Entered a sewer
  3084 | Sewer    | Noticed a big kobold
  3131 | Sewer    | Killed a big kobold
  3131 | Sewer    | Reached XP level 6. HP: 53/53 MP: 6/6
  3157 | Sewer    | Reached skill level 5 in Armour
  3194 | Sewer    | Found a white marble altar of Elyvilon.
  3430 | D:4      | Noticed Robin
  3445 | D:4      | Killed Robin
  3535 | D:4      | Became a worshipper of Beogh the Brigand
  3539 | D:4      | Reached skill level 5 in Shields
  3747 | D:4      | Noticed Blork the orc
  3784 | D:4      | Reached skill level 1 in Invocations
  3965 | D:4      | Reached skill level 5 in Fighting
  3965 | D:4      | Reached XP level 7. HP: 45/61 MP: 6/8
  4160 | D:5      | Entered Level 5 of the Dungeon
  4160 | D:5      | Noticed Edmund
  4171 | D:4      | Reached skill level 5 in Axes
  4180 | D:5      | Killed Edmund
  4353 | D:5      | Reached XP level 8. HP: 47/69 MP: 10/10
  4494 | D:5      | Found a hide-covered altar of Uskayaw.
  4588 | D:5      | Reached * piety under Beogh
  4676 | D:6      | Noticed apoch's ghost (novice HOFi)
  5038 | D:6      | Found a glowing golden altar of the Shining One.
  5787 | D:6      | Reached XP level 9. HP: 78/78 MP: 12/12
  5963 | D:7      | Reached skill level 5 in Invocations
  6050 | D:7      | Found a hazy altar of Hepliaklqana.
  6473 | D:7      | Found a staircase to the Ecumenical Temple.
  6479 | D:7      | Reached ** piety under Beogh
  7457 | D:8      | Reached XP level 10. HP: 60/86 MP: 14/14
  7525 | D:8      | Noticed Grum
  7918 | D:8      | Noticed a two-headed ogre
  7930 | D:8      | Killed a two-headed ogre
  8475 | D:8      | Killed Grum
  8776 | D:9      | Found an iron altar of Okawaru.
  9073 | D:9      | Found an ornate altar of the Wu Jian Council.
  9198 | D:10     | Entered Level 10 of the Dungeon
  9210 | D:10     | Found a staircase to the Orcish Mines.
  9316 | D:10     | Reached skill level 10 in Armour
  9337 | D:10     | Reached *** piety under Beogh
  9337 | D:10     | Reached skill level 10 in Shields
  9364 | D:10     | Reached XP level 11. HP: 94/95 MP: 0/16
  9459 | D:10     | Noticed Urug
  9544 | D:10     | Found a roughly hewn altar of Beogh.
  9771 | D:10     | Slain by Urug

Vault maps used:
D:1:      lightli_arrival_noodles, minmay_crystal_water, st_stairs_6
D:2:      nemelex_xobeh_ov_fountains_minmay
D:3:      ashenzari_altar_1, chequers_temple_overflow_minitemple
D:4:      gup_sewer_entry_pipe, first_bread, hangedman_glass_teeth, uniq_robin,
          uniq_blork_the_orc
D:5:      lemuel_coloured_pillars_altar, uniq_edmund
D:6:      nicolae_overflow_crystal_walls
D:7:      nicolae_overflow_hidden_temple, minmay_temple_entry_trees, the_bakery,
          kennysheep_small_spiral
D:8:      uniq_grum
D:9:      lemuel_round_altar, kennysheep_little_box
D:10:     wad_pebble_path, minmay_orc_entry_temple_small, uniq_urug
Sewer:    sewer_kobolds

Skill      XL: |  1  2  3  4  5  6  7  8  9 10 11 |
---------------+----------------------------------+-----
Axes           | 3 4 5 6 7 8 9 |  9.0
Armour         | 4 5 6 7 8 10 | 10.3
Fighting       | 4 5 6 7 8 |  8.4
Shields        | 4 5 6 7 8 10 | 10.2
Invocations    | 1 3 4 6 7 |  7.8

Action                   |  1- 3 |  4- 6 |  7- 9 | 10-12 || total
-------------------------+-------+-------+-------+-------++-------
Melee: War axe           |   138 |   306 |   433 |   292 ||  1169
Invok: Convert to Beogh  |       |     1 |       |       ||     1
Evoke: Wand              |       |       |       |    16 ||    16
  Use: Potion            |     1 |     2 |     9 |     1 ||    13
       Scroll            |       |     9 |    12 |     2 ||    23
  Eat: Chunk             |     1 |     9 |     9 |     9 ||    28
       Royal jelly       |       |       |     1 |       ||     1
       Fruit             |       |       |     1 |       ||     1
Armor: Scale mail        |    37 |       |       |       ||    37
       Plate armour      |    66 |   189 |   273 |   126 ||   654
Dodge: Dodged            |    41 |    56 |    71 |    53 ||   221
Block: Shield            |    78 |   190 |   325 |   201 ||   794
